 Dungeon Crawl Stone Soup version 0.31-a0-986-g5e6e4ef867 (webtiles) character file.

Game seed: 3360106797302382009

565 Dittersdorf the Covered (level 7, -7/55 HPs)
             Began as a Human Fighter on Nov 7, 2023.
             Mangled by Dowan
             ... wielding a +1 dagger of electrocution
              (13 damage)
             ... on level 4 of the Dungeon.
             The game lasted 00:03:57 (3937 turns).

Dittersdorf the Covered (Human Fighter)             Turns: 3937, Time: 00:03:58

Health: -7/55      AC:  9    Str: 19    XL:     7   Next: 58%
Magic:  7/7        EV:  9    Int:  8    God:
Gold:   129        SH:  5    Dex: 12    Spells: 6/6 levels left

rFire   . . .        a - +0 long sword (vamp)
rCold   . . .        c - +0 buckler
rNeg    + . .        b - +0 scale mail
rPois   .            j - +0 helmet
rElec   .            m - +0 cloak
rCorr   +            (no gloves)
SInv    .            (no boots)
Will    .....        l - amulet of the acrobat Stlth
                     g - ring of resist corrosion
HPRegen 0.29/turn    k - ring of positive energy
MPRegen 0.10/turn

%: acrobat
@: no status effects
A: no striking features
a: no special abilities


You were on level 4 of the Dungeon.
You visited 1 branch of the dungeon, and saw 4 of its levels.

You collected 129 gold pieces.

Inventory:

Hand Weapons
 a - a +0 vampiric long sword (weapon)
Armour
 b - a +0 scale mail (worn)
 c - a +0 buckler (worn)
 j - a +0 helmet (worn)
 m - a +0 cloak (worn)
Jewellery
 g - a ring of resist corrosion (left hand)
 k - a ring of positive energy (right hand)
 l - an amulet of the acrobat (around neck)
Potions
 d - a potion of might
 e - a potion of enlightenment
 f - a potion of attraction {unknown}
 h - a potion of ambrosia {unknown}
 i - a potion of experience {unknown}
 n - 2 potions of lignification {unknown}
 o - 2 potions of heal wounds {unknown}


   Skills:
 + Level 4.7 Fighting
 + Level 4.2 Long Blades
 + Level 4.8 Armour
 + Level 4.8 Shields


You had 6 spell levels left.
You didn't know any spells.
Your spell library contained the following spells:

 Spells                   Type           Power      Damage    Failure   Level
 Poisonous Vapours        Pois/Air       0%         N/A       93%         2
 Mephitic Cloud           Conj/Pois/Air  0%         N/A       99%         3
 Volatile Blastmotes      Fire/Tloc      0%         2d10      99%         3
 Fulminant Prism          Conj/Hex       0%         3d5       100%        4
 Iskenderun's Mystic Bla  Conj/Tloc      0%         2d3       100%        4
 Freezing Cloud           Conj/Ice/Air   0%         6-21      100%        5


Dungeon Overview and Level Annotations

Branches:
Dungeon (4/15)
 Temple: D:4-7

Altars:
Wu Jian

Shops:
D:3 =

Annotations:
D:4 Dowan, Duvessa


Message History

You barely miss Duvessa.
Duvessa is heavily wounded.
Duvessa hits you but does no damage. Duvessa hits you with a +0 short sword.
Dowan mumbles some strange words.
Dowan blinks!
You hit Duvessa but do no damage.
Duvessa is moderately wounded.
Duvessa hits you with a +0 short sword. x2
You hit Duvessa but do no damage.
Duvessa is moderately wounded.
Duvessa hits you but does no damage. You block Duvessa's attack.
You slash Duvessa!
You feel better.
Duvessa is severely wounded.
Duvessa hits you with a +0 short sword. x2
Dowan hits you with a +1 dagger of electrocution.
You hit Duvessa but do no damage.
Duvessa is severely wounded.
You block Duvessa's attack. Dowan hits you but does no damage.
You are electrocuted!
* * * LOW HITPOINT WARNING * * *
You hit Duvessa.
You feel better.
Duvessa is severely wounded.
You block Duvessa's attack. Duvessa hits you with a +0 short sword!
* * * LOW HITPOINT WARNING * * *
Dowan hits you with a +1 dagger of electrocution.
* * * LOW HITPOINT WARNING * * *
You hit Duvessa but do no damage.
Duvessa is severely wounded.
Duvessa barely misses you. Dowan hits you but does no damage.
Duvessa barely misses you.
You barely miss Duvessa.
Duvessa is severely wounded.
Duvessa says, "Where magic fails, the sword succeeds!"
Duvessa barely misses you. Dowan completely misses you. Duvessa misses you.
You hit Duvessa but do no damage.
Duvessa is severely wounded.
Duvessa closely misses you. Dowan hits you but does no damage.
Duvessa barely misses you. Dowan hits you but does no damage.
You are electrocuted!
You die...

#.#.†......
########.#.#######
#......#.#.#######
#......#.#.#......
#.<....#.#.#.#####
#......#.#.#..#
#......'.#.#..#
#e#....###.#..#
#@#....# #.#..#
#e#....# #.#..#
##.#....###.#..#
...............#.#..#
####.##.######.#.#..#
e. ...# #.##.#.#..#
..# #..# #....#.#..#
. #..# #.####.#..####
...# #.# #.#......


You could see Duvessa (fast) and Dowan.

Vanquished Creatures
  Sigmund (D:4)
  A gnoll bouda (D:3)
  2 jellies (D:4)
  An orc priest (D:4)
  Crazy Yiuf (D:2)
  Terence (D:3)
  Natasha (thrice) (D:2)
  Robin (D:1)
  6 gnolls (D:3)
  2 worms
  A dart slug (D:2)
  4 orcs
  4 bats
  4 endoplasms
  4 giant cockroaches
  12 goblins
  9 hobgoblins
  11 jackals
  9 kobolds
  3 quokkas
  4 ball pythons
  3 frilled lizards
  3 rats
90 creatures vanquished.

Notes
Turn   | Place    | Note
-------+----------+-------------------------------------------
     0 | D:1      | Dittersdorf the Human Fighter began the quest for the Orb.
     0 | D:1      | Reached XP level 1. HP: 18/18 MP: 1/1
    77 | D:1      | Reached XP level 2. HP: 24/24 MP: 2/2
   504 | D:1      | Reached XP level 3. HP: 29/29 MP: 3/3
   801 | D:2      | Noticed Robin
   820 | D:2      | HP: 1/29 [jackal (2)]
  1076 | D:1      | Killed Robin
  1077 | D:1      | Reached XP level 4. HP: 21/35 MP: 4/4
  1167 | D:2      | Noticed Natasha
  1180 | D:2      | Killed Natasha
  1402 | D:2      | Reached XP level 5. HP: 41/41 MP: 5/5
  1733 | D:2      | Noticed Natasha
  1738 | D:2      | Killed Natasha
  1816 | D:2      | Noticed Natasha
  1829 | D:2      | Killed Natasha
  2076 | D:2      | Found a runed translucent door.
  2077 | D:2      | Noticed Crazy Yiuf
  2087 | D:2      | Killed Crazy Yiuf
  2334 | D:3      | Reached XP level 6. HP: 41/48 MP: 6/6
  2484 | D:3      | Found Umos Zynn's Jewellery Emporium.
  2727 | D:3      | Noticed Terence
  2745 | D:3      | Killed Terence
  3289 | D:3      | Found an ornate altar of the Wu Jian Council.
  3598 | D:4      | Reached XP level 7. HP: 55/55 MP: 7/7
  3824 | D:4      | Noticed Sigmund
  3842 | D:4      | Killed Sigmund
  3912 | D:4      | Noticed Duvessa
  3920 | D:4      | Noticed Dowan
  3937 | D:4      | Mangled by Dowan

Illustrated notes

Levels and vault maps discovered:
D:1:      minmay_arrival_split_and_join, layout_basic
D:2:      layout_loops_ring, minmay_liquid_box, chequers_serial_rivers_marsh,
          uniq_crazy_yiuf_cottage, uniq_natasha, uniq_robin
D:3:      layout_loops_cross, pdpol_wu_jian_five_deadly_venoms, serial_shops,
          nicolae_shop_stone, uniq_terence
D:4:      layout_basic, uniq_duvessa, uniq_sigmund

Skill      XL: |  1  2  3  4  5  6  7 |
---------------+----------------------+-----
Long Blades    | 3 4 |  4.2
Armour         | 4 |  4.8
Fighting       | 4 |  4.7
Shields        | 4 |  4.8

Action                     |  1- 3 |  4- 6 |  7- 9 || total
---------------------------+-------+-------+-------++-------
  Melee: Long sword        |   111 |   192 |    61 ||   364
    Use: Scroll            |       |     5 |     1 ||     6
 Armour: Scale mail        |   136 |   128 |    43 ||   307
  Dodge: Dodged            |    71 |    95 |    29 ||   195
  Block: Buckler           |    33 |    36 |    11 ||    80

Table legend: (Time is in decaauts)
 A = Elapsed time spent in this place.
 B = Non-inter-level travel time spent in this place.
 C = Inter-level travel time spent in this place.
 D = Time resting spent in this place.
 E = Time spent auto-exploring this place.
 F = Levels seen in this place.
 G = Mean time per level.
                   A        B        C        D        E       F      G
               +--------+--------+--------+--------+--------+-----+--------+
         Total |   4050 |   3888 |    162 |    719 |   2346 |   4 | 1012.5 |
       Dungeon |   4050 |   3888 |    162 |    719 |   2346 |   4 | 1012.5 |
               +--------+--------+--------+--------+--------+-----+--------+

Top non-repeatable levels by time:
     D:2: 1307 daAuts
     D:3: 1144 daAuts
     D:1: 1042 daAuts
     D:4: 556 daAuts
